 Dungeon Crawl Stone Soup version 0.18.1-50-g88ac8fd (webtiles) character file.

128242 Amnesiac the Grand Gadgeteer (level 17, -1/71 HPs)
             Began as a Vine Stalker Artificer on June 15, 2018.
             Was the Champion of Pakellas.
             Slain by an ettin
             ... wielding a +0 dire flail
              (24 damage)
             ... on level 2 of the Depths.
             The game lasted 01:39:55 (19859 turns).

Amnesiac the Grand Gadgeteer (VSAr)                Turns: 19859, Time: 01:39:55

Health: -1/71      AC: 26    Str: 20    XL:     17   Next: 3%
Magic:  0/52       EV:  0    Int: 15    God:    Pakellas [******]
Gold:   426        SH:  8    Dex: 18    Spells: 2 memorised, 13 levels left

rFire  + + +     SeeInvis +     a - +4 dagger (elec)
rCold  + + .     Gourm    .     X - +9 armour of the Dragon King {rPois rF+ rC+ MR+}
rNeg   . . .     Faith    .     j - +0 shield
rPois  +         Spirit   +     (no helmet)
rElec  .         Dismiss  .     v - +2 cloak
rCorr  .         Reflect  .     s - +0 pair of gloves
SustAt .         Harm     .     D - +0 pair of boots
MR     +++..                    H - amulet of rage
Stlth  ..........               h - ring of magical power
                                m - ring "Cetzy" {*Drain rF++ MP+9 Int+3 SInv}

@: drained, extremely resistant to hostile enchantments, extremely unstealthy
A: fangs 3, agile 1, cold resistance 1, regeneration 3, magic shield, antimagic
bite, no device heal 3, rot immunity
a: Quick Charge, Device Surge, Supercharge, Renounce Religion, Evoke Berserk
Rage


You were on level 2 of the Depths.
You worshipped Pakellas.
Pakellas was exalted by your worship.
You were not hungry.

You visited 4 branches of the dungeon, and saw 20 of its levels.
You also visited: Ice Cave.

You collected 2574 gold pieces.
You spent 2052 gold pieces at shops.
You paid 96 gold pieces to Gozag.

Inventory:

Hand Weapons
 a - a +4 dagger of electrocution (weapon)
Missiles
 c - a throwing net (quivered)
 x - 29 poisoned needles
 A - 4 curare-tipped needles
 W - 8 needles of confusion
Armour
 j - a +0 shield (worn)
 s - a +0 pair of gloves (worn)
 v - a +2 cloak (worn)
 D - a +0 pair of boots (worn)
 P - a +0 helmet
 X - the +9 armour of the Dragon King (worn) {rPois rF+ rC+ MR+}
   (You bought it in a shop on level 2 of the Orcish Mines)

   It protects you from fire.
   It protects you from cold.
   It protects you from poison.
   It affects your resistance to hostile enchantments.
Rods
 b - a +6 rod of inaccuracy (11/11)
   (Pakellas gifted it to you on level 11 of the Dungeon)
Jewellery
 h - a ring of magical power (right hand)
 m - the ring "Cetzy" (left hand) {*Drain rF++ MP+9 Int+3 SInv}
   (You found it on level 2 of the Depths)

   [ring of magical power]

   It affects your intelligence (+3).
   It greatly protects you from fire.
   It affects your magic capacity (+9).
   It lets you see invisible.
   It causes draining when unequipped.
 C - an uncursed ring of protection from magic
 H - an amulet of rage (around neck)
 K - an uncursed ring of protection from fire
 M - an uncursed ring of protection from cold
 R - a +4 ring of slaying
 V - an uncursed ring of poison resistance
Wands
 d - a wand of enslavement (9/24)
 e - a wand of confusion (25/48)
 p - a wand of iceblast (12/15)
 q - a wand of digging (10/24)
 u - a wand of lightning (15/15)
 L - a wand of digging (13/24)
 N - a wand of paralysis (10/24)
Scrolls
 i - a scroll of vulnerability {!r}
 k - a scroll of torment {!r}
 l - 4 scrolls of remove curse {!r}
 y - 3 scrolls of magic mapping {!r}
 G - 10 scrolls of identify {!r}
 O - 6 scrolls of teleportation {!r}
 T - a scroll of summoning {!r}
Potions
 g - a potion of ambrosia {!q}
 n - 2 potions of flight {!q}
 t - 11 potions of magic {!q}
 z - a potion of brilliance {!q}
 F - 3 potions of resistance {!q}
 I - a potion of haste {!q}
 S - 5 potions of agility {!q}
Miscellaneous
 o - a box of beasts {used: 1}
 J - a lamp of fire
 U - a plain deck of escape {drawn: 1}
Comestibles
 f - 11 bread rations


   Skills:
 - Level 0.8(0.4) Fighting
 - Level 0.8(0.4) Short Blades
 - Level 1.5(1.1) Dodging
 - Level 1.2(0.7) Stealth
 + Level 24.4(23.6) Evocations


You had 13 spell levels left.
You knew the following spells:

 Your Spells              Type           Power        Failure   Level  Hunger
a - Apportation           Tloc           #.........   100%        1    ##.....
v - Blink                 Tloc           N/A          100%        2    ###....


Dungeon Overview and Level Annotations

Branches:
Dungeon (15/15)            Temple (1/1) D:5            Lair (0/8) D:9
    Orc (2/2) D:12            Elf (0/3) Orc:2        Vaults (0/5) D:13
 Depths (2/5) D:15

Altars:
Ashenzari
Cheibriados
Dithmenos
Elyvilon
Fedhas
Gozag
Kikubaaqudgha
Makhleb
Nemelex Xobeh
Okawaru
Pakellas
Qazlal
Ru
Sif Muna
Trog
Vehumet
Xom
Yredelemnul
Zin
The Shining One
Beogh

Shops:
D:6 *   D:7 =   D:10 %   Orc:2 [[:[:

Portals:
Hell: Depths:1
Ziggurat: Depths:2


Innate Abilities, Weirdness & Mutations

You have razor-sharp teeth.
You regenerate.
When hurt, damage is shared between your health and your magic reserves.
Your bite disrupts and absorbs the magic of your enemies.
Potions and wands cannot restore your health.
You are immune to rotting.
You are agile. (Dex +2)
Your flesh is cold resistant.


Message History

The entropy weaver is almost dead.
The helpless entropy weaver fails to defend itself.
You hit the entropy weaver.
There is a sudden explosion of sparks!
You kill the entropy weaver!
Pakellas accepts your kill.
You feel your power returning.
A red very ugly thing comes into view.
The red very ugly thing gurgles horribly!
There is an open door, spattered with blood here.
The stone giant throws a large rock.
The large rock hits you!!
You see here a large rock.
Evoke which item? (* to show all) (? for menu, Esc to quit)
Zapping:
N - a wand of paralysis (12/24)
Press: ? - help, Shift-Dir - straight line, f - ettin
Aim: an ettin, wielding a dire flail and a dire flail of draining (chance to defeat MR: 67%)
The ettin resists with significant effort.
This wand has 11 charges left.
Unknown command.
Evoke which item? (* to show all) (? for menu, Esc to quit)
Zapping:
N - a wand of paralysis (11/24)
Press: ? - help, Shift-Dir - straight line, f/p - ettin
Aim: an ettin, wielding a dire flail and a dire flail of draining (chance to defeat MR: 67%)
The red very ugly thing suddenly stops moving!
This wand has 10 charges left.
Unknown command.
The stone giant throws a large rock.
The large rock hits you!!
You see here a large rock.
There is an open door, spattered with blood here.
Items here: ) ††† a battleaxe of freezing; an ugly thing corpse x2; a frost giant corpse You see here an ugly thing corpse.
There is a stone staircase leading up here.
The stone giant throws a large rock.
The large rock hits you but does no damage.
You climb upwards.
There is a stone staircase leading down here.
You start resting.
You are no longer corroded.
You start resting.
HP restored.
You start resting.
HP restored.
You climb downwards.
The stone giant hits you! The ettin hits you but does no damage.
The ettin hits you with a dire flail of draining!!
You feel drained.
* * * LOW HITPOINT WARNING * * *
The stone giant hits you!
* * * LOW HITPOINT WARNING * * *
There is a stone staircase leading up, spattered with blood here.
You see here a large rock.
Read which item? (? for menu, Esc to quit)
Okay, then.
Read which item? (? for menu, Esc to quit)
Okay, then.
Read which item? (? for menu, Esc to quit)
Okay, then.
Evoke which item? (* to show all) (? for menu, Esc to quit)
Okay, then.
Evoke which item? (* to show all) (? for menu, Esc to quit)
You draw a card...
It is Velocity.
The stone giant seems to slow down.
The ettin seems to slow down.
The ettin hits you with a dire flail!!
You die...
Pakellas says: Good help is so hard to find these days!

..[.....# ........#
......#.# ..##....#
.##..#..## .#..###..##
##### (..##.##..##
##.⌠.## ..##.∩.##..#
#.....# ...##.##..##
#⌠.@.⌠# ##..###..##
#..CC.# ###..#..##
##.†(## # ##...## ###)###
###.# ##.....## #(#
##...(...## # #.#
##.........## ######.#
##..⌠..>..⌠..##
.......###.............##
......#


You could see a stone giant and an ettin.

Vanquished Creatures
  A caustic shrike (Depths:1)
  Nikola (Depths:1)
  The ghost of Amnesiac the Grand Gadgeteer, an adept MfFi of Pakellas (Depths:1)
  A sphinx (Depths:1)
  2 tengu reavers (Depths:1)
  6 frost giants
  2 fire giants (D:15)
  An orc warlord (Orc:2)
  Aizul (Depths:1)
  3 stone giants
  A vampire knight (Depths:2)
  Nessos (D:15)
  5 very ugly things (Depths:1)
  A spark wasp (shapeshifter) (Depths:1)
  A vault guard (D:13)
  An ettin (Depths:1)
  Snorg (Orc:2)
  3 great orbs of eyes
  3 fire dragons
  A hydra (D:11)
  2 yaktaur captains (Depths:2)
  2 rakshasas
  5 ice dragons
  4 entropy weavers
  A catoblepas (D:13)
  2 death knights
  2 centaur warriors
  2 death yaks (IceCv)
  2 tengu warriors
  3 orc high priests (Orc:2)
  6 hell knights
  A deep elf knight (D:15)
  Sonja (Orc:2)
  A fire crab (shapeshifter) (D:15)
  A skeletal warrior (D:15)
  An orange crystal statue (D:11)
  2 hill giants (D:9)
  10 orc knights
  An unseen horror (D:12)
  A wizard (Depths:1)
  2 necromancers (Depths:2)
  3 phantasmal warriors
  A deep elf archer (D:15)
  5 deep elf magi
  7 orc sorcerers
  25 ugly things
  3 cyclopes (D:15)
  Joseph (D:8)
  3 gargoyles
  3 kobold demonologists
  5 centaur skeletons
  A freezing wraith (D:11)
  6 yaktaurs
  A jumping spider (Depths:2)
  7 trolls
  A two-headed ogre (D:13)
  15 slime creatures
  19 polar bears (IceCv)
  Sigmund (D:3)
  A snapping turtle (D:7)
  A shadow (D:10)
  A vampire (D:13)
  A tarantella (Depths:2)
  2 wyverns
  2 wraiths
  A basilisk (D:15)
  3 redbacks (Depths:2)
  24 yaks
  6 vampire mosquitoes
  4 hippogriffs
  3 wargs
  3 hungry ghosts
  Menkaure (D:7)
  2 mottled dragons
  3 soldier ants
  A porcupine (shapeshifter) (D:15)
  A giant eyeball (Depths:1)
  7 ice beasts
  34 orc warriors
  4 phantoms
  A black bear (D:7)
  5 necrophages
  8 sky beasts
  12 ogres
  19 wolves (IceCv)
  3 eyes of draining
  10 centaurs
  3 boggarts (Depths:1)
  A crocodile (D:10)
  A big kobold (D:14)
  11 giant frogs
  3 wyvern zombies
  6 scorpions
  A wyvern skeleton (D:13)
  8 killer bees
  9 wights
  4 howler monkeys
  4 crimson imps
  The ghost of GammafunkIsABaby the Chiller, a weakling HEIE (D:3)
  2 giant frog zombies
  6 jellies
  A quasit (D:5)
  Crazy Yiuf (D:3)
  5 centaur zombies
  18 orc priests
  6 hounds
  30 orc wizards
  5 iguanas
  Ijyb (D:3)
  9 worker ants
  A hound skeleton (D:7)
  2 worker ant zombies
  Robin (D:3)
  3 gnolls (D:4)
  12 adders
  2 howler monkey skeletons
  A shadow imp (D:5)
  12 white imps (D:13)
  8 oozes
  An adder zombie (D:6)
  3 worms
  A dart slug (D:1)
  The ghost of GammafunkIsABaby the Chiller, a weakling HEIE (D:4)
  4 giant geckos
  118 orcs
  6 bats
  3 giant cockroaches (D:3)
  19 goblins
  7 hobgoblins
  10 jackals
  9 quokkas
  2 ball pythons
  7 giant newts
  A jackal skeleton (D:5)
  8 kobolds
  A quokka skeleton (D:5)
  8 rats
  2 fungi
748 creatures vanquished.

Vanquished Creatures (collateral kills)
  An ice statue (IceCv)
  3 yaks (D:9)
  An orc warrior (D:10)
  3 killer bees (D:9)
  An orc priest (D:10)
  An orc wizard (D:10)
  An orc (D:10)
11 creatures vanquished.

Vanquished Creatures (others)
  2 killer bees (D:9)
  A tarantella (Depths:2)
  3 yaks (D:13)
  An orc warrior (Orc:1)
  An ogre (D:9)
  A crocodile (D:13)
  A centaur (D:13)
  An orc priest (Orc:2)
  A bush (D:10)
  A plant (D:8)
13 creatures vanquished.

Grand Total: 772 creatures vanquished

Notes
Turn   | Place    | Note
--------------------------------------------------------------
     0 | D:1      | Amnesiac the Vine Stalker Artificer began the quest for the Orb.
     0 | D:1      | Reached XP level 1. HP: 9/9 MP: 3/3
    88 | D:2      | Reached skill level 3 in Evocations
   138 | D:3      | Reached XP level 2. HP: 14/14 MP: 5/5
   409 | D:3      | Reached XP level 3. HP: 14/17 MP: 6/6
   452 | D:3      | Noticed Robin
   458 | D:3      | Reached skill level 4 in Evocations
   470 | D:3      | Killed Robin
   528 | D:3      | Reached XP level 4. HP: 17/21 MP: 8/8
   676 | D:3      | Noticed Ijyb
   688 | D:3      | Killed Ijyb
   713 | D:3      | Noticed GammafunkIsABaby's ghost (weakling HEIE)
   745 | D:3      | Killed GammafunkIsABaby's ghost
   745 | D:3      | Reached skill level 5 in Evocations
   745 | D:3      | Reached XP level 5. HP: 25/25 MP: 9/9
   780 | D:3      | Noticed Sigmund
   840 | D:3      | Killed Sigmund
   840 | D:3      | Reached skill level 6 in Evocations
   840 | D:3      | Gained mutation: You heal very quickly. [Vine Stalker growth]
   840 | D:3      | Reached XP level 6. HP: 29/29 MP: 9/11
   900 | D:3      | Noticed an eye of draining
   905 | D:3      | Noticed an eye of draining
   931 | D:3      | Killed an eye of draining
   947 | D:3      | Killed an eye of draining
   947 | D:3      | Reached skill level 7 in Evocations
   947 | D:3      | Reached XP level 7. HP: 32/32 MP: 4/13
   949 | D:3      | Found a bloodstained altar of Trog.
  1519 | D:3      | Noticed Crazy Yiuf
  1523 | D:3      | Killed Crazy Yiuf
  2221 | D:4      | Got an iridescent hunting sling
  2223 | D:4      | Found an iron altar of Okawaru.
  2224 | D:4      | Found a white marble altar of Elyvilon.
  2225 | D:4      | Found a glowing golden altar of the Shining One.
  2226 | D:4      | Found a sparkling altar of Nemelex Xobeh.
  2226 | D:4      | Found an opulent altar of Gozag.
  2228 | D:4      | Found a shattered altar of Ashenzari.
  2230 | D:4      | Reached skill level 8 in Evocations
  2231 | D:4      | Found a radiant altar of Vehumet.
  2244 | D:4      | Became a worshipper of Gozag Ym Sagoz the Greedy
  2331 | D:4      | Noticed GammafunkIsABaby's ghost (weakling HEIE)
  2335 | D:4      | Killed GammafunkIsABaby's ghost
  2570 | D:4      | Gained mutation: You have razor-sharp teeth. [Vine Stalker growth]
  2570 | D:4      | Reached XP level 8. HP: 31/37 MP: 13/15
  2697 | D:5      | Entered Level 5 of the Dungeon
  2764 | D:5      | Reached skill level 9 in Evocations
  2857 | D:5      | Found a staircase to the Ecumenical Temple.
  2868 | Temple   | Entered the Ecumenical Temple
  3124 | D:5      | Got a bronze leather armour
  3266 | D:5      | Found a sparkling altar of Nemelex Xobeh.
  3326 | Temple   | Fell from the grace of Gozag
  3326 | Temple   | Became a worshipper of Pakellas the Inventive
  4197 | D:5      | Reached skill level 10 in Evocations
  4420 | D:6      | Reached * piety under Pakellas
  4420 | D:6      | Received a gift from Pakellas
  4430 | D:6      | Reached XP level 9. HP: 34/40 MP: 13/17
  4456 | D:6      | Identified the +1 leather armour of Autotheism {Slay+2} (You found it on level 5 of the Dungeon)
  4483 | D:6      | Found Zoasucoodgh's General Store.
  4490 | D:6      | Bought a wand of confusion (26/48) for 210 gold pieces
  4490 | D:6      | Bought a scroll of identify for 20 gold pieces
  4490 | D:6      | Bought a scroll of enchant weapon for 75 gold pieces
  5310 | D:7      | Identified the +7 hunting sling "Taezon" {venom, +Blink rPois Str-4 Dex+4} (You found it on level 4 of the Dungeon)
  5848 | D:6      | Reached skill level 11 in Evocations
  5925 | D:7      | Noticed Menkaure
  5932 | D:7      | Killed Menkaure
  6179 | D:7      | Found Winnuo's Jewellery Shop.
  6442 | D:7      | Gained mutation: You are resistant to hostile enchantments. [mutagenic meat]
  6734 | D:7      | Reached skill level 12 in Evocations
  6790 | D:7      | Was forgiven by Gozag
  6812 | D:7      | Reached ** piety under Pakellas
  6812 | D:7      | Received a gift from Pakellas
  6884 | D:7      | Reached XP level 10. HP: 28/44 MP: 5/20
  7055 | D:8      | Noticed Erica
  7056 | D:8      | Noticed Erica
  7056 | D:8      | Erica changed into Erica the snapping turtle
  7099 | D:7      | Killed Erica the snapping turtle
  7149 | D:8      | Found a stormy altar of Qazlal.
  7154 | D:8      | Found a blossoming altar of Fedhas.
  7210 | D:8      | Reached skill level 13 in Evocations
  7496 | D:8      | Noticed Joseph
  7512 | D:8      | Killed Joseph
  7633 | D:8      | Reached *** piety under Pakellas
  7633 | D:8      | Received a gift from Pakellas
  8512 | D:9      | Reached skill level 14 in Evocations
  8545 | D:9      | Noticed a hill giant
  8550 | D:9      | Noticed a hill giant
  8571 | D:9      | Killed a hill giant
  8627 | D:9      | Reached XP level 11. HP: 31/48 MP: 12/22
  8667 | D:9      | Killed a hill giant
  8738 | D:9      | Reached skill level 15 in Evocations
  8762 | D:9      | Found a staircase to the Lair.
  8792 | D:9      | Found a white marble altar of Elyvilon.
  8827 | D:9      | Reached **** piety under Pakellas
  8827 | D:9      | Received a gift from Pakellas
  9170 | D:10     | Entered Level 10 of the Dungeon
  9287 | D:10     | Found Jukog's Food Emporium.
  9946 | D:11     | Noticed a death knight
  9946 | D:11     | Noticed a phantasmal warrior
  9947 | D:11     | Noticed a phantasmal warrior
  9965 | D:10     | Killed a phantasmal warrior
 10017 | D:10     | Killed a phantasmal warrior
 10017 | D:10     | Reached skill level 16 in Evocations
 10092 | D:11     | Killed a death knight
 10121 | D:11     | Noticed an orange crystal statue
 10127 | D:11     | Killed an orange crystal statue
 10127 | D:11     | Gained mutation: You regenerate. [Vine Stalker growth]
 10127 | D:11     | Reached XP level 12. HP: 48/52 MP: 25/25
 10185 | D:11     | Reached ***** piety under Pakellas
 10185 | D:11     | Received a gift from Pakellas
 10290 | D:11     | Noticed an eight-headed hydra
 10293 | D:11     | Identified a +6 rod of inaccuracy (11/11) (Pakellas gifted it to you on level 11 of the Dungeon)
 10295 | D:11     | Killed an eight-headed hydra
 10404 | D:11     | Gained mutation: Armour fits poorly on your strangely shaped body. [potion of mutation]
 10404 | D:11     | Gained mutation: Your flesh is cold resistant. [potion of mutation]
 10404 | D:11     | Gained mutation: Your body sometimes deteriorates upon taking damage. [potion of mutation]
 10405 | D:11     | Gained mutation: Scrolls take you a little longer to read. [potion of mutation]
 10405 | D:11     | Gained mutation: You are clumsy. (Dex -2) [potion of mutation]
 10405 | D:11     | Lost mutation: You are resistant to hostile enchantments. [potion of mutation]
 10406 | D:11     | Lost mutation: Your body sometimes deteriorates upon taking damage. [potion of cure mutation]
 10406 | D:11     | Lost mutation: You are clumsy. (Dex -2) [potion of cure mutation]
 10406 | D:11     | Lost mutation: Scrolls take you a little longer to read. [potion of cure mutation]
 10540 | D:11     | Gained mutation: Your muscles are strong. (Str +2) [mutagenic meat]
 10541 | D:11     | Gained mutation: You are partially covered in molten scales (AC +1). [mutagenic meat]
 10543 | D:11     | Gained mutation: Your body sometimes deteriorates upon taking damage. [mutagenic meat]
 10636 | D:11     | Got an ancient plate armour
 10868 | D:12     | Gained mutation: You are agile. (Dex +2) [mutagenic meat]
 10869 | D:12     | Gained mutation: You tend to lose your temper in combat. [mutagenic meat]
 10871 | D:12     | Gained mutation: Your mind is acute. (Int +2) [mutagenic meat]
 10883 | D:12     | Found a staircase to the Orcish Mines.
 10969 | D:12     | Reached skill level 17 in Evocations
 11549 | Orc:1    | Entered Level 1 of the Orcish Mines
 11740 | Orc:2    | Entered Level 2 of the Orcish Mines
 11783 | Orc:2    | Noticed an orc warlord
 11900 | Orc:2    | Killed an orc warlord
 11934 | Orc:2    | Noticed Snorg
 11943 | Orc:2    | Killed Snorg
 11943 | Orc:2    | Reached skill level 18 in Evocations
 11951 | Orc:2    | Found a roughly hewn altar of Beogh.
 11956 | Orc:2    | Found Quack's Armour Shop.
 12100 | Orc:1    | Found a roughly hewn altar of Beogh.
 12185 | Orc:1    | Reached XP level 13. HP: 56/56 MP: 27/27
 12595 | Orc:2    | Found a staircase to the Elven Halls.
 12752 | Orc:2    | Noticed Sonja
 12757 | Orc:2    | Killed Sonja
 12948 | Orc:2    | Found Apnan's Antique Armour Emporium.
 12963 | Orc:2    | Reached ****** piety under Pakellas
 13011 | Orc:2    | Reached skill level 19 in Evocations
 13087 | Orc:2    | Found Qiem's Antique Armour Boutique.
 13093 | Orc:2    | Found Qeonogyas's Book Boutique.
 13095 | Orc:2    | Found Lulibrin's Book Emporium.
 13253 | D:13     | Found a gate to the Vaults.
 13253 | D:13     | Noticed a vault guard
 13264 | D:13     | Killed a vault guard
 13305 | D:13     | Noticed a rakshasa
 13310 | D:13     | Killed a rakshasa
 13461 | D:13     | Found a frozen archway.
 13567 | IceCv    | Entered an ice cave
 13762 | IceCv    | Reached skill level 20 in Evocations
 13762 | IceCv    | Reached XP level 14. HP: 60/60 MP: 29/29
 13918 | IceCv    | Identified the +5 plate armour of the Assorted Runes {rCorr Str+4 Slay+2} (You found it on level 11 of the Dungeon)
 14216 | IceCv    | Noticed a frost giant
 14234 | IceCv    | Killed a frost giant
 14295 | IceCv    | Identified Lyru's Almanac of Glacial Attacks (You found it in an ice cave)
 14750 | D:15     | Entered Level 15 of the Dungeon
 14750 | D:15     | Found a staircase to the Depths.
 14750 | D:15     | Noticed a fire giant
 14937 | D:14     | Found a shattered altar of Ashenzari.
 15303 | D:14     | Reached skill level 21 in Evocations
 15995 | D:15     | Killed a fire giant
 16232 | D:15     | Reached XP level 15. HP: 63/63 MP: 30/30
 17034 | D:15     | Reached skill level 22 in Evocations
 17090 | D:15     | Noticed Nessos
 17103 | D:15     | Killed Nessos
 17242 | Orc:2    | Bought the +9 armour of the Dragon King {rPois rF+ rC+ MR+} for 1747 gold pieces
 17369 | Depths:1 | Entered Level 1 of the Depths
 17372 | Depths:1 | Noticed a tengu reaver
 17390 | D:15     | Learned a level 2 spell: Blink
 17392 | D:15     | Learned a level 1 spell: Apportation
 17441 | Depths:1 | Noticed a fire giant
 17447 | Depths:1 | Killed a tengu reaver
 17459 | D:15     | Killed a fire giant
 17794 | Depths:1 | Noticed a frost giant
 17813 | Depths:1 | Killed a frost giant
 17929 | Depths:1 | Noticed a tengu reaver
 17939 | Depths:1 | Killed a tengu reaver
 17941 | Depths:1 | Noticed Amnesiac's ghost (adept MfFi)
 17982 | Depths:1 | Noticed a sphinx
 17992 | Depths:1 | Killed a sphinx
 18061 | Depths:1 | Found a gateway to Hell.
 18061 | Depths:1 | Noticed a frost giant
 18080 | Depths:1 | Killed a frost giant
 18135 | Depths:1 | Got a fine leather armour
 18144 | Depths:1 | Noticed Nikola
 18167 | Depths:1 | Killed Nikola
 18167 | Depths:1 | Reached skill level 23 in Evocations
 18167 | Depths:1 | Reached XP level 16. HP: 20/67 MP: 8/32
 18214 | Depths:1 | Identified the +0 leather armour "Qihant" {rF+ Dex-5 Slay+3 SInv} (You found it on level 1 of the Depths)
 18316 | Depths:1 | Noticed a caustic shrike
 18329 | Depths:1 | Killed a caustic shrike
 18409 | Depths:1 | Lost mutation: Armour fits poorly on your strangely shaped body. [mutagenic meat]
 18410 | Depths:1 | Lost mutation: Your body sometimes deteriorates upon taking damage. [mutagenic meat]
 18411 | Depths:1 | Gained mutation: You have a pair of small horns on your head. [mutagenic meat]
 18412 | Depths:1 | Gained mutation: You are somewhat resistant to further mutation. [mutagenic meat]
 18416 | Depths:1 | Lost mutation: Your muscles are strong. (Str +2) [mutagenic meat]
 18580 | Depths:1 | Killed Amnesiac's ghost
 18846 | Depths:2 | Noticed Aizul
 19002 | Depths:1 | Killed Aizul
 19263 | Depths:2 | Reached skill level 24 in Evocations
 19296 | Depths:2 | Lost mutation: You tend to lose your temper in combat. [potion of cure mutation]
 19296 | Depths:2 | Lost mutation: Your mind is acute. (Int +2) [potion of cure mutation]
 19296 | Depths:2 | Lost mutation: You are partially covered in molten scales (AC +1). [potion of cure mutation]
 19296 | Depths:2 | Lost mutation: You have a pair of small horns on your head. [potion of cure mutation]
 19296 | Depths:2 | Lost mutation: You are somewhat resistant to further mutation. [potion of cure mutation]
 19452 | Depths:2 | Found a gateway to a ziggurat.
 19696 | Depths:2 | Reached XP level 17. HP: 49/71 MP: 21/34
 19741 | Depths:2 | Got a vibrating bone ring
 19743 | Depths:2 | Identified the ring "Cetzy" {*Drain rF++ MP+9 Int+3 SInv} (You found it on level 2 of the Depths)
 19859 | Depths:2 | Slain by an ettin

Skill      XL: |  1  2  3  4  5  6  7  8  9 10 11 12 13 14 15 16 |
---------------+-------------------------------------------------+-----
Evocations     | 3 4 5 6 7 8 10 12 14 16 18 20 21 23 24 | 24.4
Fighting       | |  0.8
Short Blades   | |  0.8
Dodging        | |  1.5
Stealth        | |  1.2

Action                   |  1- 3 |  4- 6 |  7- 9 | 10-12 | 13-15 | 16-18 || total
-------------------------+-------+-------+-------+-------+-------+-------++-------
Melee: Short sword       |   124 |    69 |       |       |       |       ||   193
       Bite              |    34 |    38 |   151 |   232 |   455 |   142 ||  1052
       Dagger            |       |    37 |    28 |   445 |   862 |   246 ||  1618
       Spear             |       |       |   616 |     3 |       |       ||   619
       Scimitar          |       |       |       |   138 |       |       ||   138
       Headbutt          |       |       |       |       |       |    41 ||    41
 Fire: Hunting sling     |       |       |    92 |    11 |       |       ||   103
 Cast: Apportation       |       |       |       |       |    10 |       ||    10
       Blink             |       |       |       |       |       |     1 ||     1
Invok: Quick Charge      |       |       |       |     8 |    23 |     8 ||    39
Evoke: Wand              |       |     6 |    18 |    96 |   307 |   102 ||   529
       Lamp of fire      |       |       |       |     1 |     2 |     1 ||     4
       Rod               |       |       |       |     3 |       |     4 ||     7
       Box of beasts     |       |       |       |       |       |     1 ||     1
       Deck              |       |       |       |       |       |     1 ||     1
  Use: Scroll            |       |       |     1 |    23 |     7 |     2 ||    33
       Potion            |       |       |       |     9 |     1 |     5 ||    15
 Stab: Sleeping          |     1 |       |       |     3 |       |       ||     4
       Distracted        |     1 |       |       |       |       |       ||     1
       Paralysed         |       |     6 |       |   129 |   481 |   198 ||   814
  Eat: Chunk             |       |       |     6 |    32 |    22 |    10 ||    70
       Meat ration       |       |       |     1 |       |       |       ||     1
       Pizza             |       |       |     1 |       |     3 |       ||     4
       Fruit             |       |       |    10 |       |     4 |       ||    14
       Beef jerky        |       |       |       |       |     2 |       ||     2
       Royal jelly       |       |       |       |       |       |     5 ||     5
Armor: Leather armour    |    13 |       |    37 |   185 |    72 |       ||   307
       Scale mail        |    28 |    47 |   355 |       |       |       ||   430
       Plate armour      |       |       |       |       |   194 |       ||   194
       Gold dragon armou |       |       |       |       |    38 |    79 ||   117
Dodge: Dodged            |    38 |    15 |   202 |   187 |   142 |     3 ||   587
Block: Shield            |    12 |    25 |   263 |   198 |   247 |    22 ||   767
